 Dungeon Crawl Stone Soup version 0.23.2-1-ga50397a (webtiles) character file.

Game seed: 16117825446917611220

6032 Kairos the Cruncher (level 11, -8/84 HPs)
             Began as a Formicid Fighter on June 2, 2019.
             Was a Follower of Okawaru.
             Mangled by an eight-headed hydra (11 damage)
             ... on level 2 of the Lair of Beasts.
             The game lasted 00:13:03 (7964 turns).

Kairos the Cruncher (Formicid Fighter)              Turns: 7964, Time: 00:13:05

Health: -8/84      AC: 16    Str: 24    XL:     11   Next: 11%
Magic:  11/11      EV: 10    Int:  8    God:    Okawaru [*.....]
Gold:   424        SH: 12    Dex: 10    Spells: 10/10 levels left

rFire    . . .     SeeInvis +   K - +3 quarterstaff (chaos)
rCold    . . .     Gourm    .   c - +0 shield
rNeg     . . .     Faith    .   r - +1 chain mail {rPois}
rPois    +         Spirit   .   (helmet unavailable)
rElec    .         Reflect  .   L - +1 cloak
rCorr    .         Harm     .   o - +0 pair of gloves
MR       +....                  l - +0 pair of boots
Stlth    ..........             (no amulet)
HPRegen  0.24/turn              B - ring of wizardry
MPRegen  0.12/turn              I - +1 ring of evasion

@: no status effects
A: permanent stasis, dig shafts and tunnels, four strong arms, antennae 3
a: Dig, Shaft Self, Heroism, Renounce Religion


You were on level 2 of the Lair of Beasts.
You worshipped Okawaru.
Okawaru was aware of your devotion.
You were not hungry.

You visited 3 branches of the dungeon, and saw 11 of its levels.
You also visited: Ossuary.

You collected 424 gold pieces.

Inventory:

Hand Weapons
 a - a +0 quarterstaff
 K - a +3 quarterstaff of chaos (weapon)
Missiles
 i - 4 javelins of returning (quivered)
 M - a throwing net
Armour
 c - a +0 shield (worn)
 h - a +2 plate armour of cold resistance
 l - a +0 pair of boots (worn)
 o - a +0 pair of gloves (worn)
 r - a +1 chain mail of poison resistance (worn)
 L - a +1 cloak (worn)
Jewellery
 B - a ring of wizardry (left hand)
 G - a +3 ring of intelligence
 I - a +1 ring of evasion (right hand)
Wands
 p - a wand of flame (13)
 C - a wand of disintegration (15)
 H - a wand of random effects (13)
Scrolls
 g - 4 scrolls of amnesia
 m - a scroll of fear
 n - 2 scrolls of enchant weapon
 q - a scroll of random uselessness {unknown}
 v - 2 scrolls of enchant armour {unknown}
 x - 6 scrolls of remove curse {unknown}
 y - 4 scrolls of magic mapping {unknown}
 A - a scroll of immolation {unknown}
 D - a scroll of noise {unknown}
 E - a scroll of holy word {unknown}
 F - 2 scrolls of blinking {unknown}
 J - a scroll of fog {unknown}
Potions
 b - a potion of ambrosia
 d - 5 potions of might
 e - 3 potions of agility
 j - a potion of cancellation {unknown}
 k - 4 potions of mutation
 s - a potion of resistance {unknown}
 t - 2 potions of heal wounds
 u - 2 potions of curing
 w - 2 potions of magic {unknown}
 z - 2 potions of brilliance {unknown}
Comestibles
 f - 11 rations
 N - 2 chunks of flesh


   Skills:
 + Level 7.2 Fighting
 + Level 10.8 Staves
 + Level 0.2 Throwing
 + Level 7.7 Armour
 + Level 2.4 Dodging
 + Level 3.4 Stealth
 + Level 9.2 Shields


You had 10 spell levels left.
You didn't know any spells.
Your spell library contained the following spells:

 Spells                   Type           Power        Failure   Level  Hunger
 Animate Skeleton         Necr           N/A          67%         1    ##.....
 Apportation              Tloc           #.....       67%         1    ##.....
 Confusing Touch          Hex            #.....       67%         1    ##.....
 Summon Small Mammal      Summ           #...         67%         1    ##.....


Dungeon Overview and Level Annotations

Branches:
Dungeon (8/15)             Temple (1/1) D:6            Lair (2/6) D:8
  Swamp: Lair:2-4    Shoals: Lair:2-4     Snake: Lair:2-4    Spider: Lair:2-4

Altars:
Ashenzari
Cheibriados
Dithmenos
Elyvilon
Fedhas
Gozag
Hepliaklqana
Kikubaaqudgha
Makhleb
Nemelex Xobeh
Okawaru
Qazlal
Ru
Sif Muna
Trog
Uskayaw
Vehumet
Wu Jian
Xom
Yredelemnul
Zin
The Shining One

Annotations:
D:3 1 runed translucent door
Lair:1 exclusion: oklob plant


Innate Abilities, Weirdness & Mutations

You cannot be hasted, slowed, berserked, paralysed or teleported.
You can dig through walls and to a lower floor.
Your four strong arms can wield two-handed weapons with a shield.
You have a pair of large antennae on your head. (SInv)


Message History

You block the eight-headed hydra's attack.
You are too injured to fight recklessly!
Unknown command.
You are too injured to fight recklessly!
Unknown command.
As you read the scroll of fear, it crumbles to dust.
You assume a fearsome visage.
The eight-headed hydra resists with some effort.
The eight-headed hydra bites you but does no damage.
You block the eight-headed hydra's attack.
The eight-headed hydra bites you but does no damage.
The eight-headed hydra bites you.
* * * LOW HITPOINT WARNING * * *
The eight-headed hydra bites you!
* * * LOW HITPOINT WARNING * * *
The eight-headed hydra bites you but does no damage.
You block the eight-headed hydra's attack.
The eight-headed hydra bites you but does no damage.
The eight-headed hydra bites you!
You die...

#. #..##.##.. ..........#
#...# ##.. P... .....##
##...###...
..........[###...#.##...
... .........<........
.....................
#.#...#.P..#####....
#D.#####..# ###.. # ##@.#
#..# ##.. ##.##...####..#
#...
...............######P..
.....................รท..
.#.###..P.....P......#.#
# ####...P#P.###.P.##
##...##### #..P## #....#
#...# ##...# #...#


You could see an eight-headed hydra (berserk).

Vanquished Creatures
  A water nymph (shapeshifter) (Lair:2)
  A black mamba (Lair:1)
  2 spiny frogs (Lair:1)
  A hippogriff (Lair:1)
  A wyvern (D:7)
  A hungry ghost (D:8)
  2 water moccasins
  A porcupine (D:8)
  An ice beast (D:8)
  4 black bears
  2 orc warriors
  2 phantoms
  5 wolves (Lair:1)
  3 centaurs
  An ogre (D:8)
  A crocodile (Lair:1)
  A big kobold (D:8)
  6 bullfrogs
  A gnoll sergeant (D:8)
  A water moccasin skeleton (D:4)
  3 scorpions
  4 wights (D:8)
  9 killer bees (D:8)
  A howler monkey (D:8)
  4 crimson imps
  A hound (D:6)
  A jelly (D:8)
  Crazy Yiuf (D:7)
  2 orc priests
  4 iguanas
  2 orc wizards (D:4)
  3 bullfrog skeletons
  13 worker ants
  Natasha (thrice) (D:4)
  A big kobold zombie (Ossuary)
  2 hound skeletons
  2 mummies (Ossuary)
  4 adders
  4 gnolls (D:7)
  3 adder zombies
  2 worms
  6 leopard geckos
  11 orcs
  2 bats (D:3)
  3 giant cockroaches
  6 hobgoblins
  6 jackals
  10 kobolds
  3 quokkas
  2 frilled lizards (D:4)
  5 goblins
  5 goblin zombies (Ossuary)
  8 hobgoblin zombies (Ossuary)
  12 kobold zombies (Ossuary)
  3 leopard gecko skeletons
  8 orc zombies (Ossuary)
  6 rats
  A rat zombie (Ossuary)
  A spectral orc (D:4)
205 creatures vanquished.

Vanquished Creatures (others)
  7 fungi
7 creatures vanquished.

Grand Total: 212 creatures vanquished

Notes
Turn   | Place    | Note
-------+----------+-------------------------------------------
     0 | D:1      | Kairos the Formicid Fighter began the quest for the Orb.
     0 | D:1      | Reached XP level 1. HP: 18/18 MP: 1/1
   289 | D:1      | Reached XP level 2. HP: 19/24 MP: 2/2
   716 | D:2      | Reached XP level 3. HP: 22/30 MP: 3/3
   783 | D:2      | Found a sacrificial altar of Ru.
   783 | D:2      | Found a sparkling altar of Nemelex Xobeh.
  1252 | D:3      | Reached XP level 4. HP: 37/37 MP: 4/4
  1358 | D:3      | Found a glowing silver altar of Zin.
  1359 | D:3      | Found a runed translucent door.
  1359 | D:3      | Noticed an angel
  1807 | D:4      | Found a sand-covered staircase.
  1896 | Ossuary  | Entered an ossuary
  1905 | Ossuary  | Reached skill level 3 in Staves
  2561 | Ossuary  | Reached XP level 5. HP: 39/42 MP: 5/5
  2875 | D:4      | Reached XP level 6. HP: 45/49 MP: 6/6
  2892 | D:4      | Reached skill level 4 in Staves
  3042 | D:4      | Noticed Natasha
  3066 | D:4      | Killed Natasha
  3066 | D:4      | Reached skill level 1 in Dodging
  3066 | D:4      | Reached XP level 7. HP: 31/55 MP: 7/7
  3256 | D:4      | Found a basalt altar of Yredelemnul.
  3303 | D:4      | Reached skill level 5 in Shields
  3344 | D:4      | Reached skill level 5 in Staves
  3611 | D:4      | Noticed Natasha
  3617 | D:4      | Killed Natasha
  3695 | D:4      | Noticed Natasha
  3716 | D:4      | Killed Natasha
  3734 | D:5      | Entered Level 5 of the Dungeon
  3829 | D:5      | Reached skill level 5 in Armour
  3836 | D:5      | Found a deep blue altar of Sif Muna.
  3887 | D:5      | Found a snail-covered altar of Cheibriados.
  4145 | D:5      | Noticed a water moccasin
  4155 | D:5      | Killed a water moccasin
  4155 | D:5      | Reached XP level 8. HP: 41/61 MP: 8/8
  4171 | D:5      | Reached skill level 5 in Fighting
  4478 | D:5      | Reached skill level 6 in Staves
  5006 | D:6      | Found a staircase to the Ecumenical Temple.
  5074 | D:6      | Reached XP level 9. HP: 68/68 MP: 9/9
  5088 | D:6      | Reached skill level 7 in Staves
  5951 | D:7      | Found a glowing silver altar of Zin.
  5951 | D:7      | Found an opulent altar of Gozag.
  5995 | D:7      | Found a runed translucent door.
  5996 | D:7      | Noticed Crazy Yiuf
  6004 | D:7      | Killed Crazy Yiuf
  6153 | D:7      | Reached skill level 8 in Staves
  6190 | D:8      | Found a staircase to the Lair.
  6344 | D:8      | Reached XP level 10. HP: 76/76 MP: 10/10
  6357 | D:8      | Reached skill level 9 in Staves
  6893 | Temple   | Entered the Ecumenical Temple
  6936 | Temple   | Became a worshipper of Warmaster Okawaru
  7023 | Lair:1   | Entered Level 1 of the Lair of Beasts
  7105 | Lair:1   | Reached skill level 10 in Staves
  7174 | Lair:1   | Noticed a spiny frog
  7186 | Lair:1   | Killed a spiny frog
  7188 | Lair:1   | Killed a spiny frog
  7188 | Lair:1   | Reached * piety under Okawaru
  7312 | Lair:1   | You fall through a shaft!
  7322 | Lair:1   | Noticed a black mamba
  7334 | Lair:1   | Killed a black mamba
  7340 | Lair:1   | Reached XP level 11. HP: 46/84 MP: 11/11
  7471 | Lair:1   | Noticed an oklob plant
  7861 | Lair:2   | Noticed a glowing shapeshifter
  7861 | Lair:2   | a hippogriff changed into a glowing shapeshifter
  7861 | Lair:2   | Noticed a death drake
  7861 | Lair:2   | a glowing shapeshifter changed into a death drake
  7862 | Lair:2   | Noticed a two-headed ogre
  7862 | Lair:2   | a death drake changed into a two-headed ogre
  7867 | Lair:2   | a two-headed ogre changed into a water nymph
  7954 | Lair:2   | Noticed an eight-headed hydra
  7964 | Lair:2   | HP: 3/84 [eight-headed hydra (15)]
  7964 | Lair:2   | Mangled by an eight-headed hydra

Skill      XL: |  1  2  3  4  5  6  7  8  9 10 |
---------------+-------------------------------+-----
Shields        | 4 5 6 7 9 |  9.2
Armour         | 4 5 6 7 |  7.7
Staves         | 3 4 5 6 8 10 | 10.8
Fighting       | 4 5 6 7 |  7.2
Dodging        | 1 2 |  2.4
Stealth        | 2 3 |  3.4
Throwing       | |  0.2

Action                   |  1- 3 |  4- 6 |  7- 9 | 10-12 || total
-------------------------+-------+-------+-------+-------++-------
Melee: Quarterstaff      |   112 |   247 |   333 |   219 ||   911
Throw: Javelin           |       |       |       |     3 ||     3
 Abil: Dig               |     1 |       |       |     3 ||     4
Evoke: Wand              |       |     4 |       |       ||     4
  Use: Scroll            |       |       |     8 |     2 ||    10
 Stab: Paralysed         |       |       |     2 |       ||     2
       Confused          |       |       |       |     1 ||     1
  Eat: Chunk             |     1 |       |     6 |     3 ||    10
       Ration            |       |     2 |     2 |     1 ||     5
Armor: Scale mail        |    25 |       |       |       ||    25
       Chain mail        |    21 |   107 |   136 |   100 ||   364
Dodge: Dodged            |    30 |    53 |    74 |    70 ||   227
Block: Shield            |    52 |    98 |   150 |   144 ||   444
